[Event "ICC tourney 2359 (30 5)"]
[Site "Internet Chess Club"]
[Date "2021.01.31"]
[Round "3"]
[White "super-sabrina"]
[Black "BeeGirl"]
[Result "1-0"]
[ICCResult "Black checkmated"]
[WhiteElo "1272"]
[BlackElo "948"]
[Opening "Sicilian: Grand Prix attack"]
[ECO "B23"]
[NIC "SI.44"]
[Time "14:00:11"]
[PlyCount "63"]
[TimeControl "1800+5"]

1. e4 c5 2. Nc3 Nc6 3. f4 d6 4. Bc4 e6 5. Nf3 g6 6. d3 Bg7 7. O-O Nf6 8.
Qe1 O-O 9. Qh4 e5 10. f5 gxf5 11. exf5 Bxf5 12. Ng5 Bg6 13. Ne2 d5 14. Bb3
e4 15. Nf4 exd3 16. cxd3 h6 17. Nxg6 fxg6 18. Ne6 Qe7 19. Nxf8 Rxf8 20.
Bxh6 Bxh6 21. Qxh6 c4 22. dxc4 dxc4 23. Bxc4+ Rf7 24. Qxg6+ Kf8 25. Bxf7
Ne5 26. Qxf6 Qxf6 27. Rxf6 Nxf7 28. Raf1 Ke8 29. Rxf7 Kd8 30. Rh7 Ke8 31.
Rff7 Kd8 32. Rf8# { Black checkmated } 1-0

[Event "ICC tourney 2359 (30 5)"]
[Site "Internet Chess Club"]
[Date "2021.01.31"]
[Round "3"]
[White "SABXMSROB1"]
[Black "alexplaysyt2"]
[Result "1-0"]
[ICCResult "Black checkmated"]
[WhiteElo "1132"]
[BlackElo "1283"]
[Opening "Sicilian"]
[ECO "B50"]
[NIC "SI.01"]
[Time "14:00:15"]
[PlyCount "155"]
[TimeControl "1800+5"]

1. e4 c5 2. Nf3 d6 3. Nc3 Nf6 4. d3 e6 5. Bg5 Be7 6. Qc1 O-O 7. Be2 Nc6 8.
O-O a6 9. a3 b5 10. Re1 Bb7 11. h3 Nd7 12. Bxe7 Qxe7 13. Nh2 Nd4 14. Bf3
Nxf3+ 15. Nxf3 Nf6 16. Qf4 Rad8 17. Qh4 h6 18. e5 dxe5 19. Rxe5 Bxf3 20.
gxf3 Rc8 21. Rae1 Nd5 22. Qg3 Nxc3 23. bxc3 c4 24. d4 Qxa3 25. Rh5 Qxc3 26.
Ree5 Qxd4 27. Rxh6 Qd6 28. Rh8+ Kxh8 29. Rh5+ Kg8 30. Qxd6 Ra8 31. Qg3 b4
32. Qh4 f6 33. Qxc4 a5 34. Qxe6+ Rf7 35. Qd5 Rf8 36. Qxa5 g6 37. Rh4 Kg7
38. Qxb4 Re8 39. c4 g5 40. Rg4 Kg6 41. Qb5 Rh8 42. Kg2 Rfh7 43. Rg3 f5 44.
Qc6+ Kf7 45. Qd5+ Kf6 46. c5 f4 47. Qd4+ Kf5 48. Qe4+ Kf6 49. Qc6+ Kf5 50.
Qd5+ Kf6 51. Qxg5+ Ke6 52. Qxf4 Kd7 53. Qc4 Kc6 54. Rg6+ Kc7 55. Rg3 Kc6
56. Qd4 Rh6 57. Qc4 R6h7 58. Rg6+ Kc7 59. Qa6 Rxh3 60. Qb6+ Kc8 61. Qc6+
Kb8 62. Qd6+ Kc8 63. c6 Rh2+ 64. Qxh2 Rxh2+ 65. Kxh2 Kc7 66. Rg7+ Kxc6 67.
Re7 Kd6 68. Re3 Kd7 69. f4 Kd6 70. f5 Kd7 71. f6 Kd6 72. f7 Kd5 73. f8=Q
Kd4 74. Qf4+ Kd5 75. Re5+ Kd6 76. Qf6+ Kd7 77. Re7+ Kd8 78. Qf8# { Black
checkmated } 1-0

[Event "ICC tourney 2359 (30 5)"]
[Site "Internet Chess Club"]
[Date "2021.01.31"]
[Round "3"]
[White "Em555"]
[Black "Chessguy2008"]
[Result "1-0"]
[ICCResult "Black checkmated"]
[WhiteElo "937"]
[BlackElo "800"]
[Opening "Queen's pawn, Mason variation"]
[ECO "D00"]
[NIC "QP.08"]
[Time "14:00:39"]
[PlyCount "117"]
[TimeControl "1800+5"]

1. d4 d5 2. Bf4 Nf6 3. e3 e6 4. c3 Be7 5. Bd3 O-O 6. Nf3 Re8 7. Nbd2 b6 8.
Ne5 Bb7 9. Qf3 g6 10. Bh6 Nc6 11. Nf1 Qd6 12. Qf4 Bf8 13. Bxf8 Rxf8 14.
Qxf6 Nxe5 15. dxe5 Qc5 16. Ng3 Rad8 17. O-O d4 18. exd4 Qd5 19. Be4 Qc4 20.
Bxb7 c6 21. Ne4 Qd5 22. Qh4 Rd7 23. Ng5 h5 24. Ba6 b5 25. g4 Kg7 26. gxh5
Rh8 27. Qf4 Rxh5 28. Qf6+ Kg8 29. Bc8 Rc7 30. Rfe1 a5 31. Re3 Qc4 32. Qd8+
Kg7 33. Qxc7 Rxg5+ 34. Rg3 Rf5 35. Re1 Qxa2 36. Ree3 Qxb2 37. Ref3 Qb1+ 38.
Kg2 Rxf3 39. Rxf3 Qe4 40. Qxf7+ Kh6 41. Bxe6 Kg5 42. Qf6+ Kh6 43. Qf8+ Kg5
44. Qe7+ Kh6 45. Kh3 Qxf3+ 46. Kh4 Qxf2+ 47. Kg4 Qg2+ 48. Kf4 Qxh2+ 49. Kg4
Qh5+ 50. Kf4 g5+ 51. Kf5 g4+ 52. Kf4 Qh2+ 53. Kxg4 Qg2+ 54. Kf5 Qg6+ 55.
Kf4 Qg1 56. Qf6+ Kh5 57. Bf7+ Qg6 58. Qxg6+ Kh4 59. Qh6# { Black checkmated
} 1-0

[Event "ICC tourney 2359 (30 5)"]
[Site "Internet Chess Club"]
[Date "2021.01.31"]
[Round "3"]
[White "chessgabby"]
[Black "CameronSiegal"]
[Result "0-1"]
[ICCResult "White checkmated"]
[WhiteElo "1092"]
[BlackElo "781"]
[Opening "QGD: Tarrasch defense"]
[ECO "D32"]
[NIC "TD.10"]
[Time "14:00:20"]
[PlyCount "52"]
[TimeControl "1800+5"]

1. d4 e6 2. c4 d5 3. Nc3 c5 4. Nf3 Nc6 5. Bf4 Nf6 6. e3 Bd6 7. Ne5 O-O 8.
Be2 Qb6 9. b3 cxd4 10. exd4 Qxd4 11. Qxd4 Nxd4 12. O-O Nxe2+ 13. Nxe2 b6
14. Rad1 Nh5 15. g3 Nxf4 16. gxf4 f6 17. Nc6 Bb7 18. cxd5 exd5 19. Rxd5
Bxf4 20. Nxf4 Bxc6 21. Rd6 Rac8 22. Ne6 Rfe8 23. Rc1 Bb7 24. Rxc8 Rxc8 25.
Rd7 Rc1+ 26. Rd1 Rxd1# { White checkmated } 0-1

[Event "ICC tourney 2359 (30 5)"]
[Site "Internet Chess Club"]
[Date "2021.01.31"]
[Round "3"]
[White "LuckyDuck3"]
[Black "wteitelbaum"]
[Result "1-0"]
[ICCResult "Black resigns"]
[WhiteElo "554"]
[BlackElo "998"]
[Opening "Queen's pawn game, Chigorin variation"]
[ECO "D02"]
[NIC "QP.08"]
[Time "14:00:22"]
[PlyCount "43"]
[TimeControl "1800+5"]

1. d4 d5 2. Nf3 Nc6 3. e3 Nf6 4. Bd3 Bg4 5. Nbd2 e6 6. O-O Bd6 7. h3 Bh5 8.
e4 O-O 9. e5 Nxd4 10. exd6 Qxd6 11. g4 Bg6 12. Nxd4 h5 13. Bxg6 fxg6 14.
Re1 Rae8 15. b3 hxg4 16. hxg4 Kf7 17. Bb2 Rh8 18. N4f3 Nxg4 19. Ng5+ Kg8
20. Qxg4 Qh2+ 21. Kf1 Rf8 22. Qxe6+ { Black resigns } 1-0

[Event "ICC tourney 2359 (30 5)"]
[Site "Internet Chess Club"]
[Date "2021.01.31"]
[Round "3"]
[White "KingZacAttack"]
[Black "infernowall"]
[Result "0-1"]
[ICCResult "White checkmated"]
[WhiteElo "700"]
[BlackElo "1064"]
[Opening "Queen's pawn: Chigorin variation"]
[ECO "D00"]
[NIC "QP.08"]
[Time "14:00:26"]
[PlyCount "100"]
[TimeControl "1800+5"]

1. d4 d5 2. Nc3 Nf6 3. Bf4 e6 4. e3 Bd6 5. Bg3 O-O 6. Nf3 Ne4 7. Nxe4 dxe4
8. Nd2 f5 9. Be2 Rf7 10. O-O Bxg3 11. fxg3 Nd7 12. g4 Qg5 13. gxf5 Qxe3+
14. Kh1 exf5 15. Nb3 Nf6 16. c3 Ng4 17. Qd2 Nf2+ 18. Rxf2 Qxf2 19. Bc4 Qxd2
20. Nxd2 g5 21. Rf1 Kg7 22. Bxf7 Kxf7 23. Nc4 Kg6 24. Ne5+ Kf6 25. g4 Be6
26. gxf5 Bxf5 27. Kg2 h5 28. h4 gxh4 29. Rf4 Kg5 30. Rf1 Rf8 31. Nd7 Bh3+
32. Kh2 Rxf1 33. Nc5 Kg4 34. Nxe4 Kf4 35. Nc5 Bf5 36. a4 Rf2+ 37. Kg1 Rxb2
38. a5 b6 39. axb6 axb6 40. Na4 Ra2 41. Nxb6 cxb6 42. d5 Rc2 43. d6 Rxc3
44. d7 Bxd7 45. Kh2 Rc2+ 46. Kh1 b5 47. Kg1 b4 48. Kf1 b3 49. Ke1 b2 50.
Kd1 b1=Q# { White checkmated } 0-1

[Event "ICC tourney 2359 (30 5)"]
[Site "Internet Chess Club"]
[Date "2021.01.31"]
[Round "3"]
[White "summermonkey291"]
[Black "slayer76"]
[Result "1-0"]
[ICCResult "Black resigns"]
[WhiteElo "1099"]
[BlackElo "800"]
[Opening "King's Indian: Zinnowitz variation"]
[ECO "E61"]
[NIC "QO.17"]
[Time "14:00:08"]
[PlyCount "79"]
[TimeControl "1800+5"]

1. d4 g6 2. c4 Bg7 3. Nc3 Nf6 4. Nf3 O-O 5. Bg5 d6 6. e4 Nbd7 7. Bd3 c6 8.
O-O Qc7 9. Re1 e5 10. d5 cxd5 11. cxd5 h6 12. Bxf6 Nxf6 13. Nb5 Qb6 14. h3
Bd7 15. Qb3 a6 16. Nc3 Qc7 17. Rac1 Qd8 18. Qxb7 Rb8 19. Qxa6 Bc8 20. Qa3
Nh5 21. Ne2 Nf4 22. Nxf4 exf4 23. b3 Bd7 24. Qxd6 Rb6 25. Qxf4 Rf6 26. Qe3
Rb6 27. e5 Kh7 28. h4 Re8 29. Rcd1 Bxe5 30. Nxe5 Rxe5 31. Qxe5 Qxh4 32. Qh2
Qg5 33. Qg3 Bg4 34. f3 Bh5 35. Qxg5 hxg5 36. g4 Bxg4 37. fxg4 Rd6 38. a4
Rxd5 39. Bxg6+ Kxg6 40. Rxd5 { Black resigns } 1-0

[Event "ICC tourney 2359 (30 5)"]
[Site "Internet Chess Club"]
[Date "2021.01.31"]
[Round "3"]
[White "tisernhagen1"]
[Black "DDRIZZY"]
[Result "0-1"]
[ICCResult "White checkmated"]
[WhiteElo "1193"]
[BlackElo "1152"]
[Opening "Sicilian: Scheveningen, Vitolin's variation"]
[ECO "B80"]
[NIC "SI.19"]
[Time "14:00:56"]
[PlyCount "166"]
[TimeControl "1800+5"]

1. e4 c5 2. Nf3 d6 3. d4 cxd4 4. Nxd4 Nf6 5. Nc3 e6 6. Bb5+ Bd7 7. Bd3 Be7
8. Be3 O-O 9. O-O Bc6 10. f3 Qc7 11. Qe1 Nbd7 12. Qg3 Rfe8 13. Bh6 Nh5 14.
Qg4 g6 15. Bg5 Ne5 16. Qh4 Bxg5 17. Qxg5 Qe7 18. Qxe7 Rxe7 19. Nxc6 bxc6
20. f4 Nd7 21. f5 exf5 22. exf5 Ne5 23. Be2 Rae8 24. Bxh5 gxh5 25. Ne4 Rd8
26. Nf6+ Kh8 27. Nxh5 Ng4 28. Rae1 Rde8 29. Rxe7 Rxe7 30. Nf4 Ne3 31. Rf2
Nd1 32. Re2 Rxe2 33. Nxe2 Nxb2 34. Kf2 Kg7 35. Ke3 Nc4+ 36. Kd4 d5 37. Kc5
Kf6 38. Kxc6 Kxf5 39. Kxd5 Ne3+ 40. Kd4 Nxc2+ 41. Kc3 Ne3 42. g3 Kg4 43.
Kd3 Nd5 44. Ke4 Nb4 45. a3 f5+ 46. Ke3 Nc2+ 47. Kf2 Nxa3 48. Nd4 Nc4 49.
h3+ Kxh3 50. Nxf5 a5 51. Nd4 a4 52. Nc2 Kg4 53. Kg2 h5 54. Kf2 Nd2 55. Ne3+
Kh3 56. g4 hxg4 57. Nc2 Kh2 58. Ne3 g3+ 59. Ke2 Nc4 60. Nf1+ Kg2 61. Nxg3
Kxg3 62. Kd3 a3 63. Kc3 a2 64. Kxc4 a1=Q 65. Kb3 Kf2 66. Kc4 Qb2 67. Kd3
Qc1 68. Kd4 Qc2 69. Kd5 Qc3 70. Ke4 Qd2 71. Ke5 Qd3 72. Kf4 Qe2 73. Kf5 Qe3
74. Kf6 Qe4 75. Kf7 Qe5 76. Kg6 Qf4 77. Kg7 Qf5 78. Kg8 Qd7 79. Kh8 Kg3 80.
Kg8 Kg4 81. Kf8 Kg5 82. Kg8 Kg6 83. Kf8 Qf7# { White checkmated } 0-1

[Event "ICC tourney 2359 (30 5)"]
[Site "Internet Chess Club"]
[Date "2021.01.31"]
[Round "3"]
[White "Zaquero"]
[Black "Winter320"]
[Result "1-0"]
[ICCResult "Black checkmated"]
[WhiteElo "504"]
[BlackElo "977"]
[Opening "Caro-Kann defense"]
[ECO "B11"]
[NIC "CK.01"]
[Time "14:01:03"]
[PlyCount "47"]
[TimeControl "1800+5"]

1. e4 c6 2. Nc3 d5 3. e5 d4 4. Ne4 Bf5 5. d3 e6 6. Bg5 f6 7. Bh4 Nd7 8. Nf3
Ne7 9. exf6 gxf6 10. Nxd4 e5 11. Nxf5 Nxf5 12. Qh5+ Ke7 13. Qxf5 Bg7 14.
Be2 Qb6 15. O-O Qxb2 16. Rfc1 Qd4 17. Rab1 b6 18. Bh5 Bh6 19. Re1 Bg7 20.
c3 Qxd3 21. Red1 Qc4 22. Qxd7+ Kf8 23. Nxf6 Qxa2 24. Qd6# { Black
checkmated } 1-0

[Event "ICC tourney 2359 (30 5)"]
[Site "Internet Chess Club"]
[Date "2021.01.31"]
[Round "3"]
[White "Evanthegreatest"]
[Black "ChampKidP"]
[Result "1-0"]
[ICCResult "Black resigns"]
[WhiteElo "1229"]
[BlackElo "1109"]
[Opening "Giuoco Piano: Bird's attack"]
[ECO "C54"]
[NIC "IG.02"]
[Time "14:00:21"]
[PlyCount "59"]
[TimeControl "1800+5"]

1. e4 e5 2. Nf3 Nc6 3. Bc4 Bc5 4. c3 Nf6 5. b4 Bb6 6. d3 d6 7. a4 a6 8. a5
Ba7 9. O-O h6 10. h3 Be6 11. Bxe6 fxe6 12. Qb3 Qc8 13. Be3 O-O 14. Nbd2 Kh7
15. d4 exd4 16. cxd4 e5 17. dxe5 dxe5 18. Bxa7 Rxa7 19. Nc4 Qe6 20. Rab1
Nxe4 21. Rfe1 Nf6 22. Nfxe5 Nxe5 23. Rxe5 Qf7 24. Qc2+ Kh8 25. Re2 Kg8 26.
Ne5 Qd5 27. Ng6 Rf7 28. Ne7+ Rxe7 29. Rxe7 c6 30. Qg6 { Black resigns } 1-0

[Event "ICC tourney 2359 (30 5)"]
[Site "Internet Chess Club"]
[Date "2021.01.31"]
[Round "3"]
[White "Tyler08"]
[Black "Zenowing6"]
[Result "0-1"]
[ICCResult "White checkmated"]
[WhiteElo "668"]
[BlackElo "858"]
[Opening "Sicilian"]
[ECO "B50"]
[NIC "SI.01"]
[Time "14:09:24"]
[PlyCount "58"]
[TimeControl "1800+5"]

1. e4 c5 2. Nf3 d6 3. g3 Nf6 4. d4 cxd4 5. Nxd4 Nxe4 6. Qf3 Qa5+ 7. c3 Nc5
8. b4 Qc7 9. Bc4 Na4 10. Bf4 Qxc4 11. Nd2 Qa6 12. b5 Qb6 13. Nc4 Qd8 14.
O-O e5 15. Bg5 Qxg5 16. Nxd6+ Bxd6 17. Rfe1 O-O 18. Nf5 Bxf5 19. Qxb7 Nd7
20. Rad1 Qf6 21. Qd5 Ndb6 22. Qc6 Rfd8 23. c4 Rac8 24. Qd5 Nxd5 25. Rxd5
Rxc4 26. Red1 Nb2 27. R1d2 Be4 28. Rxb2 Bxd5 29. b6 Rc1# { White checkmated
} 0-1

[Event "ICC tourney 2359 (30 5)"]
[Site "Internet Chess Club"]
[Date "2021.01.31"]
[Round "3"]
[White "SAanjyu"]
[Black "SAEpicDH"]
[Result "0-1"]
[ICCResult "White checkmated"]
[WhiteElo "1125"]
[BlackElo "1240"]
[Opening "Sicilian defense"]
[ECO "B32"]
[NIC "SI.32"]
[Time "14:00:17"]
[PlyCount "116"]
[TimeControl "1800+5"]

1. e4 c5 2. Nf3 Nc6 3. d4 cxd4 4. Nxd4 Nxd4 5. Qxd4 d6 6. Nc3 Nf6 7. Bc4
Bd7 8. Bg5 e5 9. Qd2 h6 10. Bh4 a6 11. Bg3 Be7 12. O-O b5 13. Bb3 a5 14. a4
b4 15. Nd5 Nxe4 16. Qe3 Nxg3 17. Qxg3 O-O 18. Bc4 Be6 19. b3 Rc8 20. Nxe7+
Qxe7 21. Bd3 Qf6 22. Rac1 Bf5 23. Rfd1 Bxd3 24. Qxd3 Rfd8 25. Rd2 d5 26.
Qb5 Qf4 27. Rdd1 Ra8 28. h3 d4 29. Qb6 e4 30. Rb1 d3 31. cxd3 exd3 32. Qb5
d2 33. Qe2 Rd5 34. g3 Qg5 35. h4 Qf5 36. Rb2 Rad8 37. Rbxd2 Rxd2 38. Rxd2
Qb1+ 39. Kg2 Rxd2 40. Qxd2 Qxb3 41. Qd8+ Kh7 42. Qxa5 Qa3 43. Qf5+ Kg8 44.
a5 b3 45. Qc8+ Kh7 46. a6 b2 47. Qc2+ g6 48. Qc7 Kg7 49. a7 b1=Q 50. Qe5+
Kh7 51. Qc7 Qe4+ 52. Kh2 Qf5 53. Qb6 Qa2 54. Kg2 Qd7 55. Qf6 Qaxa7 56. Qf4
Qd5+ 57. Kh2 Qab7 58. Qc1 Qg2# { White checkmated } 0-1

[Event "ICC tourney 2359 (30 5)"]
[Site "Internet Chess Club"]
[Date "2021.01.31"]
[Round "3"]
[White "divijdogra"]
[Black "BJSARO"]
[Result "0-1"]
[ICCResult "White checkmated"]
[WhiteElo "1136"]
[BlackElo "1298"]
[Opening "Queen's pawn: London system"]
[ECO "A45"]
[NIC "QP.07"]
[Time "14:00:12"]
[PlyCount "86"]
[TimeControl "1800+5"]

1. d4 Nf6 2. Bf4 c5 3. dxc5 Qa5+ 4. Nc3 Ne4 5. Bd2 Nxd2 6. Qxd2 Qxc5 7. Nf3
g6 8. e3 Bg7 9. Nd4 O-O 10. Nb3 Qc7 11. Bd3 d6 12. O-O-O Bd7 13. Nd5 Qd8
14. h4 h5 15. Qe2 Nc6 16. Nf4 Rc8 17. a3 Ne5 18. Kb1 Re8 19. Nh3 Qc7 20.
Rc1 Ba4 21. f4 Nxd3 22. Qxd3 e6 23. Nf2 Qb6 24. g4 Bb5 25. Qd2 Bc6 26. Rhg1
hxg4 27. Rxg4 Bf3 28. Rg3 Bh5 29. Ne4 d5 30. Nf2 Re7 31. Qa5 Qxa5 32. Nxa5
e5 33. Nd3 d4 34. Nxe5 Bxe5 35. fxe5 Rxe5 36. Nb3 dxe3 37. Re1 e2 38. Rg2
Rd8 39. Nc1 Rd1 40. Rgxe2 Rxe1 41. Rd2 Rxc1+ 42. Kxc1 Re1+ 43. Rd1 Rxd1# {
White checkmated } 0-1

[Event "ICC tourney 2359 (30 5)"]
[Site "Internet Chess Club"]
[Date "2021.01.31"]
[Round "3"]
[White "kashkanna"]
[Black "CGLion3223"]
[Result "0-1"]
[ICCResult "White checkmated"]
[WhiteElo "800"]
[BlackElo "922"]
[Opening "Giuoco Piano"]
[ECO "C50"]
[NIC "IG.02"]
[Time "14:00:17"]
[PlyCount "82"]
[TimeControl "1800+5"]

1. e4 e5 2. Nf3 Nc6 3. Bc4 Bc5 4. O-O d6 5. Nc3 Bg4 6. h3 Bh5 7. d3 Nd4 8.
Ne2 Nxf3+ 9. gxf3 Bxf3 10. Re1 Qh4 11. Nd4 Bxd1 12. Rxd1 Bxd4 13. Be3 Qxh3
14. Re1 Nf6 15. c3 Bb6 16. Bxb6 axb6 17. Re3 Qh4 18. Rae1 Ng4 19. Rf3 O-O-O
20. Rf5 Rhf8 21. Kf1 g6 22. Rf3 Nh2+ 23. Ke2 Nxf3 24. Kxf3 Qf4+ 25. Ke2 h5
26. Rf1 g5 27. Ke1 h4 28. d4 Qxe4+ 29. Be2 exd4 30. cxd4 Rfe8 31. Kd1 Qxe2+
32. Kc1 Qxf1+ 33. Kc2 Re2+ 34. Kb3 Kd7 35. a3 Ra8 36. a4 Ra5 37. Kb4 Qe1+
38. Kc4 Rxb2 39. Kd3 Qe2+ 40. Kc3 Qd2+ 41. Kc4 d5# { White checkmated } 0-1

[Event "ICC tourney 2359 (30 5)"]
[Site "Internet Chess Club"]
[Date "2021.01.31"]
[Round "3"]
[White "Ben08Davis"]
[Black "TolgaE"]
[Result "0-1"]
[ICCResult "White checkmated"]
[WhiteElo "608"]
[BlackElo "1005"]
[Opening "French: advance variation"]
[ECO "C02"]
[NIC "FR.03"]
[Time "14:00:09"]
[PlyCount "62"]
[TimeControl "1800+5"]

1. d4 d5 2. e4 e6 3. e5 Bd7 4. Nf3 f6 5. h4 Be7 6. Qe2 c5 7. exf6 Nxf6 8.
dxc5 Bxc5 9. Ne5 O-O 10. Bg5 Be7 11. h5 h6 12. Bxf6 Bxf6 13. f4 Bh4+ 14.
Kd2 Qa5+ 15. Nc3 Qd8 16. Qf3 Bg5 17. g3 Bf6 18. Ng6 Bc6 19. Bb5 Rf7 20.
Bxc6 Nxc6 21. Na4 Qa5+ 22. Nc3 d4 23. Rhe1 dxc3+ 24. bxc3 Bxc3+ 25. Qxc3
Rd8+ 26. Kc1 Qxc3 27. Ne7+ Nxe7 28. Kb1 Qxe1+ 29. Kb2 Qb4+ 30. Kc1 Qa3+ 31.
Kb1 Rd1# { White checkmated } 0-1

[Event "ICC tourney 2359 (30 5)"]
[Site "Internet Chess Club"]
[Date "2021.01.31"]
[Round "3"]
[White "googlethecat"]
[Black "RoPro1000"]
[Result "1-0"]
[ICCResult "Black checkmated"]
[WhiteElo "1123"]
[BlackElo "847"]
[Opening "Giuoco Piano"]
[ECO "C54"]
[NIC "IG.02"]
[Time "14:00:31"]
[PlyCount "85"]
[TimeControl "1800+5"]

1. e4 e5 2. Nf3 Nc6 3. Bc4 Bc5 4. c3 Nf6 5. d3 d6 6. a4 Bg4 7. b4 Nxb4 8.
cxb4 Bxb4+ 9. Nbd2 d5 10. exd5 Nxd5 11. Qb3 c6 12. Bxd5 cxd5 13. Qxb4 Bf5
14. Qxb7 Bxd3 15. Nxe5 O-O 16. Nxd3 Re8+ 17. Kf1 Re7 18. Qc6 Rc8 19. Qb5
Re6 20. Nf4 Rb6 21. Qxd5 Qe7 22. Ba3 Qf6 23. Ke2 Qxf4 24. Qf3 Qe5+ 25. Qe3
Qf6 26. Rac1 Rd8 27. Be7 Rxd2+ 28. Qxd2 Qxe7+ 29. Qe3 Qd8 30. Rhd1 Qa8 31.
Qf3 Qe8+ 32. Qe3 Re6 33. Rd3 Rxe3+ 34. Rxe3 Qa8 35. Rc7 h6 36. Ree7 Kh7 37.
Rxa7 Qxg2 38. Rxf7 Kg6 39. Rxg7+ Kf5 40. Rxg2 h5 41. Ra5+ Kf4 42. Rxh5 Ke4
43. Rg4# { Black checkmated } 1-0

[Event "ICC tourney 2359 (30 5)"]
[Site "Internet Chess Club"]
[Date "2021.01.31"]
[Round "3"]
[White "ChocolateSwirl"]
[Black "SabxmsMB1"]
[Result "0-1"]
[ICCResult "White checkmated"]
[WhiteElo "1162"]
[BlackElo "1094"]
[Opening "Sicilian defense"]
[ECO "B30"]
[NIC "SI.31"]
[Time "14:00:16"]
[PlyCount "134"]
[TimeControl "1800+5"]

1. e4 c5 2. Nf3 Nc6 3. Nc3 g6 4. Bc4 Bg7 5. O-O Nf6 6. Re1 O-O 7. d3 d6 8.
Bg5 Bg4 9. h3 Bxf3 10. Qxf3 Nd4 11. Qd1 h6 12. Bxf6 Bxf6 13. Nd5 Bg7 14.
Ne3 h5 15. c3 Ne6 16. Qb3 Qd7 17. Bd5 Rab8 18. Nc2 a5 19. Bxe6 Qxe6 20.
Qxe6 fxe6 21. Re3 b5 22. a3 b4 23. axb4 axb4 24. d4 b3 25. Ne1 cxd4 26.
cxd4 Bxd4 27. Re2 Rb4 28. Nd3 Rc4 29. Rc1 Rxc1+ 30. Nxc1 Rb8 31. Rd2 Bc5
32. Rd3 Rf8 33. Rd2 e5 34. Kf1 Rb8 35. Rd3 Rf8 36. Rd2 Be3 37. Rd1 Rxf2+
38. Ke1 Rxb2 39. Ne2 Ra2 40. Rb1 b2 41. Nc3 Ra1 42. Ke2 Bd4 43. Kd3 Bxc3
44. Rxa1 bxa1=Q 45. Kc4 Kf8 46. Kd3 Ke8 47. Ke2 Qe1+ 48. Kd3 Kd7 49. Kc4
Kc6 50. g4 hxg4 51. hxg4 Bd4 52. g5 Qxe4 53. Kb3 Qd5+ 54. Kc2 Qc4+ 55. Kd2
Qc3+ 56. Ke2 Kc5 57. Kd1 Kb4 58. Ke2 Kb3 59. Kd1 Qc2+ 60. Ke1 Bc3+ 61. Kf1
Qd3+ 62. Kf2 Bd4+ 63. Ke1 Qe3+ 64. Kd1 Qf3+ 65. Kd2 Bc3+ 66. Kc1 Qe3+ 67.
Kb1 Qe1# { White checkmated } 0-1

[Event "ICC tourney 2359 (30 5)"]
[Site "Internet Chess Club"]
[Date "2021.01.31"]
[Round "3"]
[White "Kingston13"]
[Black "EthanKurian"]
[Result "1-0"]
[ICCResult "Black checkmated"]
[WhiteElo "1014"]
[BlackElo "686"]
[Opening "French defense"]
[ECO "C00"]
[NIC "FR.01"]
[Time "14:00:11"]
[PlyCount "147"]
[TimeControl "1800+5"]

1. e4 e6 2. Nf3 d5 3. d3 Nc6 4. Be2 Bd6 5. O-O Nf6 6. Bg5 O-O 7. Nc3 Re8 8.
d4 dxe4 9. Nxe4 Be7 10. Nxf6+ Bxf6 11. Be3 e5 12. d5 e4 13. Ne1 Ne7 14. Bc4
Bxb2 15. Rb1 Be5 16. f4 Bf6 17. c3 a6 18. Bb3 c6 19. d6 Nf5 20. Bc5 b6 21.
Bf2 e3 22. Bc4 exf2+ 23. Rxf2 Ne3 24. Qb3 Nxc4 25. Qxc4 Be6 26. Qxc6 Bd7
27. Qd5 Bxc3 28. f5 Bxe1 29. Rf1 Bb4 30. Rxb4 Re7 31. Rg4 Re8 32. Rg3 Bb5
33. Rd1 Bd7 34. Rf1 Rc8 35. Qd4 f6 36. Qd5+ Kf8 37. Rh3 h6 38. Rg3 Bc6 39.
Qd4 b5 40. Rd1 Qd7 41. Rg6 Qxf5 42. Rg4 Qd5 43. d7 h5 44. Qb4+ Kg8 45. Rxd5
Bxd5 46. dxe8=Q+ Rxe8 47. Rf4 g5 48. Rf1 Re4 49. Qd6 Bxa2 50. Qd8+ Kf7 51.
Qxf6+ Ke8 52. Qg6+ Kd7 53. Qxe4 Bc4 54. Rd1+ Kc7 55. Qe7+ Kc6 56. Qd6+ Kb7
57. Qd7+ Kb6 58. Rd6+ Kc5 59. Rc6+ Kb4 60. Qd6+ Kb3 61. Rxa6 b4 62. Rb6 Kc3
63. Qxb4+ Kd4 64. Qb2+ Kc5 65. Qb4+ Kd5 66. Qd6+ Ke4 67. Rb4 Kf5 68. Rxc4
g4 69. Qc6 h4 70. Qd5+ Kf6 71. Rc6+ Ke7 72. Qb5 Kd7 73. Qb7+ Kd8 74. Rc8# {
Black checkmated } 1-0

[Event "ICC tourney 2359 (30 5)"]
[Site "Internet Chess Club"]
[Date "2021.01.31"]
[Round "3"]
[White "m2021chessusa"]
[Black "rassulk"]
[Result "1-0"]
[ICCResult "Black checkmated"]
[WhiteElo "722"]
[BlackElo "865"]
[Opening "Scotch: Lolli variation"]
[ECO "C44"]
[NIC "KP.10"]
[Time "14:00:54"]
[PlyCount "79"]
[TimeControl "1800+5"]

1. e4 e5 2. Nf3 Nc6 3. d4 Nxd4 4. Nxd4 exd4 5. Qxd4 c5 6. Qe5+ Be7 7. Nc3
Nf6 8. Bg5 O-O 9. Bxf6 Bxf6 10. Qf4 Bxc3+ 11. bxc3 Qa5 12. Qd2 d5 13. exd5
Re8+ 14. Be2 b6 15. O-O Bb7 16. Bf3 Rad8 17. h3 h5 18. Rfd1 Re5 19. c4 Qa4
20. Qf4 f6 21. c3 b5 22. d6 Bxf3 23. Qxf3 Qxc4 24. d7 Qe4 25. Qg3 Rg5 26.
Qh2 Qb7 27. h4 Rg6 28. Qh3 Qc7 29. Qe6+ Kh7 30. Rd5 Qb7 31. Rxh5+ Rh6 32.
Qf5+ g6 33. Qxf6 gxh5 34. Qxd8 Rg6 35. Qe7+ Kh6 36. Qg5+ Rxg5 37. hxg5+
Kxg5 38. d8=Q+ Kg4 39. Qg8+ Kh4 40. Qg3# { Black checkmated } 1-0

[Event "ICC tourney 2359 (30 5)"]
[Site "Internet Chess Club"]
[Date "2021.01.31"]
[Round "4"]
[White "rassulk"]
[Black "Ben08Davis"]
[Result "1-0"]
[ICCResult "Black checkmated"]
[WhiteElo "865"]
[BlackElo "608"]
[Opening "Caro-Kann: anti-Caro-Kann defense"]
[ECO "B10"]
[NIC "CK.01"]
[Time "16:00:34"]
[PlyCount "33"]
[TimeControl "1800+5"]

1. e4 c6 2. c4 e6 3. d4 d5 4. exd5 cxd5 5. cxd5 exd5 6. Nc3 Nf6 7. Bf4 Nc6
8. Nb5 Kd7 9. Nf3 Ne4 10. Ne5+ Nxe5 11. Bxe5 Bd6 12. Qg4+ Kc6 13. Rc1+ Kb6
14. Qd1 Bxe5 15. Qb3 Rb8 16. Nd6+ Ka5 17. Qb5# { Black checkmated } 1-0

[Event "ICC tourney 2359 (30 5)"]
[Site "Internet Chess Club"]
[Date "2021.01.31"]
[Round "4"]
[White "BeeGirl"]
[Black "rchoi2010"]
[Result "0-1"]
[ICCResult "White checkmated"]
[WhiteElo "948"]
[BlackElo "744"]
[Opening "Sicilian defense"]
[ECO "B30"]
[NIC "SI.31"]
[Time "16:00:51"]
[PlyCount "120"]
[TimeControl "1800+5"]

1. e4 c5 2. Nf3 Nc6 3. Nc3 Nf6 4. Bb5 Qb6 5. O-O g6 6. d3 Bg7 7. Bg5 O-O 8.
Re1 a6 9. Bxc6 Qxc6 10. e5 Nd5 11. Nxd5 Qxd5 12. Bxe7 Re8 13. Bf6 Bxf6 14.
exf6 Rxe1+ 15. Qxe1 Qe6 16. Qxe6 dxe6 17. Re1 b6 18. c3 Bb7 19. d4 Rd8 20.
dxc5 bxc5 21. g4 Bxf3 22. g5 Rd5 23. Kf1 Rxg5 24. h4 Rd5 25. Re3 Bh5 26.
Ke1 h6 27. c4 Rf5 28. Rd3 Rxf6 29. Rd7 Rf4 30. Kd2 Rxc4 31. Kd3 Rxh4 32.
Kc3 a5 33. a3 Rf4 34. Kd3 Rxf2 35. Ke4 Rxb2 36. Ke5 Kg7 37. a4 c4 38. Ra7
c3 39. Rxa5 c2 40. Rc5 Ra2 41. a5 c1=Q 42. Rxc1 Rxa5+ 43. Kf4 g5+ 44. Kg3
Ra3+ 45. Kg2 Bf3+ 46. Kg1 Kg6 47. Rc5 h5 48. Rc7 h4 49. Rc8 Kf6 50. Rc2 g4
51. Rh2 h3 52. Rf2 e5 53. Rxf3+ gxf3 54. Kh1 f2 55. Kh2 Ra1 56. Kxh3 f1=Q+
57. Kh4 Ra4+ 58. Kg3 Ra3+ 59. Kh2 Qf2+ 60. Kh1 Rh3# { White checkmated }
0-1

[Event "ICC tourney 2359 (30 5)"]
[Site "Internet Chess Club"]
[Date "2021.01.31"]
[Round "4"]
[White "TorbenS"]
[Black "IsabellaRita"]
[Result "0-1"]
[ICCResult "White checkmated"]
[WhiteElo "502"]
[BlackElo "925"]
[Opening "French defense"]
[ECO "C00"]
[NIC "FR.01"]
[Time "16:00:32"]
[PlyCount "60"]
[TimeControl "1800+5"]

1. e4 e6 2. Nf3 b6 3. Bd3 Bb7 4. O-O f5 5. Qe1 Be7 6. Nc3 Nh6 7. a4 a5 8.
b3 O-O 9. Ba3 Bxa3 10. Rxa3 Qe8 11. Ng5 Qg6 12. Qe3 Ng4 13. Qf4 e5 14. Bc4+
Kh8 15. Nf7+ Rxf7 16. Bxf7 Qxf7 17. Qxe5 Nxe5 18. Re1 Qg6 19. Kf1 fxe4 20.
Nxe4 Bxe4 21. d3 Qxg2+ 22. Ke2 Bf3+ 23. Kd2 Qxf2+ 24. Kc3 Qxe1+ 25. Kb2 Qe2
26. Ra1 Nxd3+ 27. Ka2 Qxc2+ 28. Ka3 Nc5 29. Rb1 Qxb1 30. h4 Qxb3# { White
checkmated } 0-1